 Dungeon Crawl Stone Soup version 0.22.0-38-g04b72b8c25 (webtiles) character file.

167 Riddle the Sneak (level 5, 0/38 HPs)
             Began as a Vampire Enchanter on Aug 30, 2018.
             Was an Initiate of Cheibriados.
             Slain by a killer bee (4 damage)
             ... on level 3 of the Dungeon.
             The game lasted 00:14:39 (3653 turns).

Riddle the Sneak (Vampire Enchanter)                Turns: 3653, Time: 00:14:39

Health: 0/38       AC:  2    Str:  8    XL:     5   Next: 23%
Magic:  9/9        EV: 13    Int: 19    God:    Cheibriados [......]
Gold:   151        SH:  0    Dex: 16    Spells: 6/9 levels left

rFire    . . .     SeeInvis +   y - +0 short sword (venom)
rCold    + . .     Gourm    .   (no shield)
rNeg     . . .     Faith    .   b - +0 robe
rPois    .         Spirit   .   (no helmet)
rElec    .         Reflect  .   (no cloak)
rCorr    .         Harm     .   (no gloves)
MR       .....                  (no boots)
Stlth    +++.......             o - amulet of magic regeneration
HPRegen  0.32/turn              u - ring of wizardry
MPRegen  0.36/turn              x - ring of protection from cold

@: lethally poisoned (0 -> -1), regenerating quickly, very slow
A: fangs 3, see invisible, unbreathing
a: Bend Time, Renounce Religion


You were on level 3 of the Dungeon.
You worshipped Cheibriados.
Cheibriados was noncommittal.
You were almost alive.

You visited 1 branch of the dungeon, and saw 4 of its levels.

You collected 151 gold pieces.

Inventory:

Hand Weapons
 a - a +1 dagger
 y - a +0 short sword of venom (weapon)
Missiles
 r - 11 poisoned needles
Armour
 b - a +0 robe (worn)
Jewellery
 n - an uncursed ring of ice
 o - an amulet of magic regeneration (around neck)
 u - a ring of wizardry (left hand)
 x - a ring of protection from cold (right hand)
Wands
 s - a wand of enslavement (12)
 t - a wand of digging (12)
 w - a wand of flame (11)
Scrolls
 c - a scroll of fog {unknown}
 d - 2 scrolls of amnesia
 f - 4 scrolls of teleportation
 k - a scroll of remove curse
 m - a scroll of random uselessness
 p - a scroll of magic mapping {unknown}
 v - a scroll of immolation {unknown}
Potions
 e - a potion of lignification {unknown}
 g - 3 potions of heal wounds {unknown}
 h - 2 potions of blood
 i - 4 potions of haste {unknown}
 j - a potion of resistance {unknown}
 l - a potion of degeneration {unknown}
 q - 2 potions of cancellation {unknown}


   Skills:
 + Level 1.7 Fighting
 + Level 2.4 Short Blades
 - Level 2.1 Dodging
 + Level 5.7 Stealth
 + Level 2.8 Spellcasting
 + Level 5.5 Hexes


You had 6 spell levels left.
You knew the following spells:

 Your Spells              Type           Power        Failure   Level  Hunger
a - Corona                Hex            ###....      1%          1    None
b - Ensorcelled Hibernat  Hex/Ice        ##....       3%          2    ##.....

Your spell library contained the following spells:

 Spells                   Type           Power        Failure   Level  Hunger
 Confuse                  Hex            ###.....     1%          3    ###....
 Tukima's Dance           Hex            ###.....     1%          3    ###....
 Dazzling Spray           Conj/Hex       ##....       6%          3    ###....


Dungeon Overview and Level Annotations

Branches:
Dungeon (4/15)
 Temple: D:4-7

Altars:
Cheibriados
Fedhas
Gozag
Kikubaaqudgha
Uskayaw
Xom


Innate Abilities, Weirdness & Mutations

Your natural rate of healing is unusually fast.
You have razor-sharp teeth.
You have supernaturally acute eyesight. (SInv)
You can survive without breathing.


Message History

Unknown command.
Casting: Ensorcelled Hibernation (safe; 3% risk of failure)
Confirm with . or Enter, or press ? or * to list all spells.
Aiming: Ensorcelled Hibernation (safe; 3% risk of failure)
Press: ? - help, Shift-Dir - straight line, f - you That would be overly suicidal.
Okay, then.
You closely miss the killer bee.
The killer bee is heavily wounded.
You feel sick. The killer bee barely misses you.
The killer bee closely misses you.
You closely miss the killer bee.
The killer bee is heavily wounded.
The killer bee stings you. The killer bee barely misses you.
You completely miss the killer bee.
The killer bee is severely wounded.
You feel sick. The killer bee closely misses you. The killer bee stings you!
* * * LOW HITPOINT WARNING * * *
You feel sick. The killer bee stings you.
You die...

...........##..##.# #..#
#......#
...........'......#
#..###..#.###
.#######...###..#.#
#.......#.# ## #...#
##.#.# #.####.##.#
########...#
#...###......##.#
...##......#
##...##########.#
...##.##...# #%..# #.#
#####......# #...####
######## #####.####.#
#@y....####)###.## ##....#
#.### #.#.##)..#.#_#.#..
##....##
#...###......##.###.####
##)....###.......#.###.###
### ....)_.......###.#.#
#.# .###.....##..# #.#.#
#.# .# ##....##..# #<#.#
#.# .# #....##..# ###.#
#.# .####.#####..# #.# #.#


You could see a killer bee.

Vanquished Creatures
  A killer bee (D:3)
  2 adders
  A gnoll (D:2)
  An ooze (D:1)
  A worm (D:3)
  3 dart slugs
  2 leopard geckos
  An orc (D:3)
  A ball python (D:1)
  3 giant cockroaches
  14 goblins
  5 hobgoblins
  14 jackals
  A quokka (D:2)
  7 bats
  5 frilled lizards
  5 kobolds
  5 rats
72 creatures vanquished.

Notes
Turn   | Place    | Note
-------+----------+-------------------------------------------
     0 | D:1      | Riddle the Vampire Enchanter began the quest for the Orb.
     0 | D:1      | Reached XP level 1. HP: 13/13 MP: 3/3
   472 | D:1      | Reached XP level 2. HP: 18/20 MP: 1/5
   505 | D:1      | Learned a level 2 spell: Ensorcelled Hibernation
   904 | D:1      | Reached XP level 3. HP: 22/25 MP: 1/6
   977 | D:2      | Found a hide-covered altar of Uskayaw.
   987 | D:2      | Reached skill level 5 in Hexes
   990 | D:2      | Reached skill level 1 in Fighting
  1030 | D:2      | Reached skill level 5 in Stealth
  1999 | D:2      | Reached XP level 4. HP: 28/32 MP: 0/7
  2267 | D:2      | Found a snail-covered altar of Cheibriados.
  2289 | D:2      | Became a worshipper of Cheibriados the Contemplative
  2767 | D:3      | Found a shimmering altar of Xom.
  2859 | D:3      | Found an opulent altar of Gozag.
  3129 | D:3      | Found a blossoming altar of Fedhas.
  3129 | D:3      | Found an ancient bone altar of Kikubaaqudgha.
  3200 | D:3      | Found a faded altar of an unknown god.
  3631 | D:3      | Reached XP level 5. HP: 35/38 MP: 6/9
  3653 | D:3      | Slain by a killer bee

Skill      XL: |  1  2  3 |
---------------+----------+-----
Hexes          | 5 |  5.5
Fighting       | 1 |  1.7
Stealth        | 5 |  5.7
Short Blades   | 2 |  2.4
Dodging        | |  2.1
Spellcasting   | |  2.8

Action                   |  1- 3 |  4- 6 || total
-------------------------+-------+-------++-------
Melee: Dagger            |   117 |    38 ||   155
       Bite              |     6 |     1 ||     7
       Short sword       |       |    14 ||    14
 Cast: Corona            |     5 |       ||     5
       Ensorcelled Hiber |    28 |    21 ||    49
  Use: Potion            |    14 |    13 ||    27
       Scroll            |       |     6 ||     6
 Stab: Sleeping          |    22 |    21 ||    43
Armor: Robe              |    19 |     8 ||    27
Dodge: Dodged            |    76 |    46 ||   122
